 Dungeon Crawl Stone Soup version 0.29.1-15-g9cfb28693d (webtiles) character file.

Game seed: 15313196566975335970

94 Heoruswealwe the Magician (level 4, -2/24 HPs)
             Began as a Deep Elf Earth Elementalist on Apr 14, 2023.
             Was a Believer of Qazlal.
             Slain by a water moccasin (9 damage)
             ... on level 6 of the Dungeon.
             The game lasted 00:08:10 (1054 turns).

Heoruswealwe the Magician (DEEE)                    Turns: 1054, Time: 00:08:11

Health: -2/24      AC:  3    Str:  5    XL:     4   Next: 38%
Magic:  10/13      EV: 12    Int: 22    God:    Qazlal [**....]
Gold:   182        SH:  2    Dex: 15    Spells: 3/13 levels left

rFire   . . .      SeeInvis .   (no weapon)
rCold   . . .      Faith    .   (no shield)
rNeg    . . .      Spirit   .   a - +1 robe
rPois   .          Reflect  .   (no helmet)
rElec   .          Harm     .   (no cloak)
rCorr   .          Rampage  .   (no gloves)
Will    .....                   (no boots)
Stlth   ++........              d - amulet of the acrobat
HPRegen 0.08/turn               (no ring)
MPRegen 0.13/turn               (no ring)

@: mighty, lethally poisoned (-2 -> -28), on berserk cooldown, slowed, very slow
A: no striking features
a: Renounce Religion, Upheaval


You were on level 6 of the Dungeon.
You worshipped Qazlal.
Qazlal was pleased with you.
You visited 1 branch of the dungeon, and saw 6 of its levels.

You collected 182 gold pieces.

Inventory:

Armour
 a - a +1 robe (worn)
Jewellery
 d - an amulet of the acrobat (around neck)
Wands
 e - a wand of polymorph (10)
Scrolls
 l - a scroll of teleportation
Potions
 b - a potion of magic
 f - a potion of curing
 i - a potion of lignification
 n - a potion of berserk rage


   Skills:
 - Level 2.4 Dodging
 - Level 2.4 Stealth
 + Level 5.0 Spellcasting
 - Level 1.1 Transmutations
 + Level 4.7 Earth Magic


You had 3 spell levels left.
You knew the following spells:

 Your Spells              Type           Power      Damage    Failure   Level
a - Sandblast             Erth           52%        2d12      1%          1
b - Stone Arrow           Conj/Erth      30%        3d8       12%         3
c - Petrify               Tmut/Erth      18%        N/A       30%         4
z - Passwall              Tmut/Erth      15%        N/A       4%          2

Your spell library contained the following spells:

 Spells                   Type           Power      Damage    Failure   Level


Dungeon Overview and Level Annotations

Branches:
Dungeon (6/15)
 Temple: D:4-7

Altars:
Qazlal
Vehumet


Message History

It was a potion of berserk rage.
A red film seems to cover your vision as you go berserk!
You feel yourself moving faster!
You feel mighty!
You feel a strong urge to attack something.
There is a stone staircase leading down here.
You start waiting.
You feel your anger nearly subside.
You start waiting.
You are no longer berserk.
You are exhausted.
You feel yourself slow down.
You feel a little less clever now.
You climb downwards.
The water moccasin hisses angrily.
Found 4 stones.
There is a stone staircase leading up here.
The blast of sand hits the water moccasin!
The water moccasin is heavily wounded.
A shadow imp comes into view.
The water moccasin barely misses you.
The blast of sand hits the water moccasin.
The water moccasin is heavily wounded.
The water moccasin closely misses you. The shadow imp gestures at you.
You barely resist.
The water moccasin bites you but does no damage.
The shadow imp hits you but does no damage.
The water moccasin bites you.
You are poisoned.
The water moccasin poisons you!
The blast of sand hits the water moccasin.
The water moccasin is severely wounded.
You feel extremely sick. The water moccasin bites you!
* * * LOW HITPOINT WARNING * * *
You are more poisoned.
The water moccasin poisons you!
The shadow imp hits you but does no damage.
The water moccasin bites you!
You die...

##.#. #....## .
....... ..
....... .(.
....... ....
....... ...#.
......S##......
......°@5......
...............
......#......##
......#....#.#
..... ..#...##
..... ..#...#
.... ....###
...# ......


You could see a water moccasin and a shadow imp.

Vanquished Creatures
  Natasha (D:2)
  4 adders
  A worm (D:2)
  A dart slug (D:2)
  2 ball pythons
  An endoplasm (D:2)
  6 goblins
  4 hobgoblins
  6 kobolds
  A bat (D:2)
  3 rats
30 creatures vanquished.

Notes
Turn   | Place    | Note
-------+----------+-------------------------------------------
     0 | D:1      | Heoruswealwe the Deep Elf Earth Elementalist began the
                  | quest for the Orb.
     0 | D:1      | Reached XP level 1. HP: 10/10 MP: 6/6
    60 | D:1      | Found a faded altar of an unknown god.
    81 | D:1      | Prayed at the altar of an unknown god.
    81 | D:1      | Became a worshipper of Qazlal Stormbringer
    81 | D:1      | Reached * piety under Qazlal
   189 | D:2      | Reached XP level 2. HP: 15/15 MP: 5/8
   192 | D:2      | Learned a level 2 spell: Passwall
   362 | D:2      | Reached skill level 4 in Spellcasting
   362 | D:2      | Reached XP level 3. HP: 12/19 MP: 6/10
   366 | D:2      | Learned a level 3 spell: Stone Arrow
   492 | D:2      | Noticed Natasha
   496 | D:2      | Killed Natasha
   511 | D:2      | Reached XP level 4. HP: 11/24 MP: 5/12
   516 | D:2      | Learned a level 4 spell: Petrify
   561 | D:2      | You fall into a shaft and drop 1 floor!
   795 | D:3      | Found a radiant altar of Vehumet.
   885 | D:4      | Reached ** piety under Qazlal
   907 | D:4      | Reached skill level 5 in Spellcasting
   981 | D:5      | Entered Level 5 of the Dungeon
  1051 | D:6      | Noticed a water moccasin
  1054 | D:6      | Slain by a water moccasin

Illustrated notes

Levels and vault maps discovered:
D:1:      lightli_arrival_chessboard, layout_basic,
          hellmonk_ecumenical_altar_blasted
D:2:      layout_loops_ring, minmay_tetromino_o4, uniq_natasha
D:3:      layout_basic, nicolae_overflow_hidden_temple, nrook_loot_triangle,
          kennysheep_generic_room_14, uniq_crazy_yiuf_cottage
D:4:      layout_cave_pools, temple_doors_e
D:5:      layout_loops_corners, uniq_pikel, uniq_grinder
D:6:      layout_cave_pools, minmay_misc_feat_x, st_stairs_2, water_maze_lemuel

Skill      XL: |  1  2  3  4 |
---------------+-------------+-----
Spellcasting   | 4 5 |  5.0
Earth Magic    | 4 |  4.7
Dodging        | |  2.4
Stealth        | |  2.4
Transmutations | |  1.1

Action                   |  1- 3 |  4- 6 || total
-------------------------+-------+-------++-------
Melee: Unarmed           |     2 |       ||     2
 Cast: Sandblast         |    33 |    15 ||    48
  Use: Potion            |       |     6 ||     6
       Scroll            |       |     3 ||     3
Armor: Robe              |     5 |     3 ||     8
Dodge: Dodged            |    10 |     3 ||    13
Block: Other             |       |     1 ||     1
